 Dungeon Crawl Stone Soup version 0.21-a0-72-gbbb65ab (webtiles) character file.

27729 grindst0ne the Tortoise (level 13, 0/106 HPs)
             Began as a Formicid Fighter on June 20, 2017.
             Was a High Priest of Makhleb.
             Slain by a catoblepas (18 damage)
             ... on level 4 of the Lair of Beasts.
             The game lasted 00:34:23 (18585 turns).

grindst0ne the Tortoise (Formicid Fighter)         Turns: 18585, Time: 00:34:24

Health: 0/106      AC: 19    Str: 20    XL:     13   Next: 68%
Magic:  19/19      EV:  7    Int: 10    God:    Makhleb [*****.]
Gold:   372        SH:  0    Dex: 14    Spells: 12/12 levels left

rFire    . . .     SeeInvis +   L - +1 demon blade (freeze)
rCold    . . .     Gourm    .   c - +0 shield
rNeg     . . .     Faith    .   u - +0 plate armour
rPois    .         Spirit   .   (helmet unavailable)
rElec    .         Reflect  .   (no cloak)
rCorr    +         Harm     .   (no gloves)
MR       +....                  v - +0 pair of boots
Stlth    ..........             (no amulet)
HPRegen  0.27/turn              m - ring of resist corrosion
MPRegen  0.16/turn              A - +6 ring of evasion

@: petrifying (expiring), very slow
A: permanent stasis, dig shafts and tunnels, four strong arms, antennae 3
a: Dig, Shaft Self, Minor Destruction, Lesser Servant of Makhleb, Major
Destruction, Greater Servant of Makhleb, Renounce Religion


You were on level 4 of the Lair of Beasts.
You worshipped Makhleb.
Makhleb was extremely pleased with you.
You were hungry.

You visited 3 branches of the dungeon, and saw 15 of its levels.
You also visited: Sewer.

You collected 763 gold pieces.
You spent 391 gold pieces at shops.

Inventory:

Hand Weapons
 L - a +1 demon blade of freezing (weapon)
 S - a +4 scimitar of flaming
Armour
 c - a +0 shield (worn)
 u - a +0 plate armour (worn)
 v - a +0 pair of boots (worn)
Jewellery
 g - an uncursed ring of protection from cold {unknown}
 m - a ring of resist corrosion (left hand)
 p - an uncursed ring of protection from fire
 A - a +6 ring of evasion (right hand)
 B - an uncursed ring of protection from magic
 R - an uncursed ring of positive energy
Wands
 i - a wand of disintegration (9/24)
 k - a wand of flame (26/48)
 C - a wand of iceblast (6/15)
 D - a wand of polymorph (0/24)
 E - a wand of polymorph (3/24)
 G - a wand of confusion (10/48)
 O - a wand of acid (9/15)
Scrolls
 h - 13 scrolls of remove curse
 j - 3 scrolls of magic mapping
 o - 7 scrolls of recharging
 q - a scroll of blinking
 x - 3 scrolls of enchant armour
 y - 2 scrolls of fear {unknown}
 F - 2 scrolls of immolation {unknown}
 U - a scroll of vulnerability {unknown}
 V - 2 scrolls of enchant weapon
Potions
 a - a potion of flight {unknown}
 d - 4 potions of might
 e - a potion of agility
 f - 2 potions of mutation {unknown}
 l - 3 potions of ambrosia
 n - a potion of invisibility
 r - a potion of lignification
 s - 2 potions of curing
 t - a potion of magic
 w - 2 potions of heal wounds
 z - 4 potions of degeneration
Comestibles
 b - 2 royal jellies
 H - 5 bread rations
 N - 6 fruits
 P - 5 meat rations


   Skills:
 - Level 11.6 Fighting
 + Level 3.4 Long Blades
   Level 2.0 Axes
 + Level 16.5 Armour
 - Level 8.2 Shields
 - Level 7.1 Invocations
 - Level 8.3 Evocations


You had 12 spell levels left.
You didn't know any spells.

Dungeon Overview and Level Annotations

Branches:
Dungeon (10/15)            Temple (1/1) D:4            Lair (4/6) D:10
 Shoals (0/4) Lair:2       Spider (0/4) Lair:2          Orc (0/2) D:10

Altars:
Ashenzari
Cheibriados
Dithmenos
Elyvilon
Fedhas
Hepliaklqana
Kikubaaqudgha
Makhleb
Nemelex Xobeh
Okawaru
Qazlal
Ru
Sif Muna
Trog
Uskayaw
Vehumet
Wu Jian
Xom
Yredelemnul
Zin
The Shining One
Jiyva

Shops:
D:10 }


Innate Abilities, Weirdness & Mutations

You cannot be hasted, slowed, berserked, paralysed or teleported.
You can dig through walls and to a lower floor.
Your four strong arms can wield two-handed weapons with a shield.
You have a pair of large antennae on your head. (SInv)


Message History

You are engulfed in calcifying dust.
The catoblepas gores you!
You turn to flesh and can move again.
The catoblepas breathes a plume of calcifying dust at you.
The blast of calcifying dust hits you!
Your plate armour prevents you from hitting the catoblepas.
The catoblepas is severely wounded.
You are engulfed in calcifying dust.
You are slowing down.
The catoblepas barely misses you.
The catoblepas breathes a plume of calcifying dust at you.
The blast of calcifying dust hits you! The catoblepas gores you!!
* * * LOW HITPOINT WARNING * * *
Your limbs are stiffening.
You hit the catoblepas. You freeze the catoblepas.
The catoblepas is severely wounded.
The catoblepas gores you!
* * * LOW HITPOINT WARNING * * *
The catoblepas gores you!!
You die...

##### ## #§.#.####
#####.### ##.§.....##
#.......# #P..§.....#
P......#
#....§%..#########.......
#.....§..'..P#.##.......#
#.....§@P#..P..#.......#
#§...§.Y.#......+......+
#P.......#####..#.......P
#........# #P###......#
##........ #####......#
##......## #....####
##..P..# #.####.####
....... ...........#
(....... ##..........


You could see a catoblepas.

Vanquished Creatures
  Gastronok (D:8)
  The ghost of tstbtto the Cleaver, a journeyman GrFi of Okawaru (Lair:2)
  A hydra (Lair:3)
  The ghost of grindst0ne the Protected, a journeyman FoFi of Gozag (D:10)
  Erica (D:8)
  6 two-headed ogres
  4 oklob plants
  A black mamba (Lair:1)
  A merfolk siren (Lair:2)
  A centaur skeleton (D:10)
  Psyche (D:8)
  3 spiny frogs
  A rime drake (Lair:3)
  6 komodo dragons
  4 jumping spiders (Lair:2)
  A troll (D:10)
  The ghost of grindst0ne the Shield-Bearer, an amateur FoFi of Makhleb (D:4)
  A hornet (D:10)
  A polar bear (Lair:3)
  Grinder (D:5)
  2 hippogriffs (D:10)
  5 blink frogs (Lair:3)
  6 redbacks (Lair:2)
  Eustachio (D:6)
  A wyvern (Lair:2)
  A basilisk (Lair:3)
  17 yaks
  A hungry ghost (D:8)
  5 water moccasins
  10 porcupines
  2 phantoms
  2 black bears
  2 sky beasts
  2 ice beasts (D:9)
  6 ogres
  5 centaurs
  12 crocodiles
  Blork the orc (D:6)
  A wyvern zombie (D:6)
  10 bullfrogs
  5 scorpions
  8 killer bees
  An electric eel (Lair:1)
  2 howler monkeys
  5 crimson imps (D:5)
  3 orc priests
  2 centaur zombies
  4 hounds
  A jelly (D:6)
  6 orc wizards
  A bullfrog skeleton (D:9)
  An iron imp (D:9)
  Terence (D:2)
  2 iguanas
  Natasha (D:4)
  10 worker ants
  A hound skeleton (D:6)
  A howler monkey zombie (D:5)
  2 worker ant zombies
  3 gnolls (D:6)
  A howler monkey skeleton (D:6)
  15 adders
  5 river rats (Sewer)
  2 shadow imps
  2 oozes
  An adder zombie (D:5)
  5 worms
  An adder skeleton (D:8)
  4 dart slugs
  6 leopard geckos
  20 orcs
  16 bats
  6 giant cockroaches
  14 goblins
  9 hobgoblins
  24 jackals
  2 quokkas
  6 ball pythons
  14 frilled lizards
  A goblin skeleton (D:9)
  A goblin zombie (D:9)
  2 hobgoblin zombies (D:9)
  11 kobolds
  A kobold skeleton (D:9)
  2 kobold zombies (D:9)
  2 orc skeletons (D:9)
  An orc zombie (D:9)
  2 quokka skeletons
  19 rats
385 creatures vanquished.

Vanquished Creatures (others)
  2 fungi
  2 plants (Lair:2)
4 creatures vanquished.

Grand Total: 389 creatures vanquished

Notes
Turn   | Place    | Note
-------+----------+-------------------------------------------
     0 | D:1      | grindst0ne the Formicid Fighter began the quest for the Orb.
     0 | D:1      | Reached XP level 1. HP: 18/18 MP: 1/1
    18 | D:1      | Reached XP level 2. HP: 9/24 MP: 2/2
   451 | D:1      | Reached XP level 3. HP: 29/29 MP: 3/3
   686 | D:1      | Reached skill level 4 in Armour
  1032 | D:2      | Reached XP level 4. HP: 30/35 MP: 4/4
  1204 | D:2      | Noticed Terence
  1242 | D:2      | Killed Terence
  1242 | D:2      | Reached skill level 5 in Shields
  1242 | D:2      | Reached XP level 5. HP: 32/41 MP: 5/5
  1321 | D:2      | Found a blossoming altar of Fedhas.
  1322 | D:2      | Found an ancient bone altar of Kikubaaqudgha.
  1357 | D:2      | Found an ornate altar of the Wu Jian Council.
  1486 | D:2      | Found a bloodstained altar of Trog.
  1493 | D:2      | Reached skill level 5 in Armour
  2174 | D:3      | Found a glowing drain.
  2197 | Sewer    | Entered a sewer
  2372 | Sewer    | Reached XP level 6. HP: 41/47 MP: 6/6
  4044 | D:4      | Noticed a phantom
  4068 | D:4      | Killed a phantom
  4068 | D:4      | Reached skill level 6 in Armour
  4068 | D:4      | Reached XP level 7. HP: 37/52 MP: 7/7
  4817 | D:4      | Reached skill level 7 in Armour
  4963 | D:4      | Noticed grindst0ne's ghost (amateur FoFi)
  5121 | D:4      | Killed grindst0ne's ghost
  5121 | D:4      | Reached XP level 8. HP: 34/58 MP: 8/8
  5268 | D:5      | Entered Level 5 of the Dungeon
  5338 | D:4      | Reached skill level 8 in Armour
  5439 | D:4      | Noticed Natasha
  5442 | D:4      | Killed Natasha
  5450 | D:4      | Found a staircase to the Ecumenical Temple.
  5470 | Temple   | Entered the Ecumenical Temple
  5609 | Temple   | Became a worshipper of Makhleb the Destroyer
  5936 | D:5      | Reached skill level 5 in Fighting
  5949 | D:5      | Reached XP level 9. HP: 61/68 MP: 9/9
  6063 | D:5      | Reached skill level 9 in Armour
  6481 | D:5      | Reached * piety under Makhleb
  6507 | D:5      | Noticed Grinder
  6528 | D:5      | Killed Grinder
  7086 | D:6      | Reached skill level 10 in Armour
  7249 | D:6      | Noticed Eustachio
  7252 | D:6      | Noticed Blork the orc
  7266 | D:6      | Reached ** piety under Makhleb
  7271 | D:6      | Killed Blork the orc
  7374 | D:6      | Killed Eustachio
  7374 | D:6      | Reached skill level 5 in Evocations
  7470 | D:6      | Found a sacrificial altar of Ru.
  7618 | D:7      | You fall through a shaft!
  7760 | D:8      | Found a bloodstained altar of Trog.
  7862 | D:8      | Reached XP level 10. HP: 76/76 MP: 12/14
  8000 | D:8      | Noticed Psyche
  8020 | D:8      | Killed Psyche
  8021 | D:8      | Reached skill level 11 in Armour
  8225 | D:8      | Noticed Gastronok
  8260 | D:8      | Killed Gastronok
  8260 | D:8      | Reached skill level 12 in Armour
  8324 | D:8      | Found a white marble altar of Elyvilon.
  8459 | D:8      | Reached *** piety under Makhleb
  8520 | D:8      | Noticed a two-headed ogre
  8522 | D:8      | Killed a two-headed ogre
  8522 | D:8      | Reached XP level 11. HP: 83/83 MP: 17/17
  8539 | D:8      | Found an iron altar of Okawaru.
  8539 | D:8      | Found a deep blue altar of Sif Muna.
  8545 | D:8      | Noticed Erica
  8585 | D:8      | Killed Erica
  8723 | D:9      | Found a shattered altar of Ashenzari.
  8791 | D:9      | Noticed a two-headed ogre
  8797 | D:9      | Killed a two-headed ogre
  8797 | D:9      | Reached skill level 13 in Armour
  8843 | D:9      | Found a glowing golden altar of the Shining One.
  9062 | D:9      | Noticed a two-headed ogre
  9075 | D:9      | Killed a two-headed ogre
  9263 | D:9      | Noticed a two-headed ogre
  9270 | D:9      | Killed a two-headed ogre
  9883 | D:10     | Entered Level 10 of the Dungeon
  9900 | D:10     | Noticed a two-headed ogre
  9901 | D:10     | Noticed grindst0ne's ghost (journeyman FoFi)
 10292 | D:9      | Killed a two-headed ogre
 10934 | D:9      | Noticed a two-headed ogre
 10940 | D:9      | Killed a two-headed ogre
 11158 | D:9      | Reached XP level 12. HP: 42/97 MP: 18/18
 11168 | D:9      | Reached **** piety under Makhleb
 11184 | D:9      | Reached skill level 10 in Fighting
 11184 | D:9      | Reached skill level 14 in Armour
 11424 | D:10     | Killed grindst0ne's ghost
 11672 | D:10     | Found Buebloul's Gadget Boutique.
 11739 | D:10     | Bought a wand of disintegration (9/24) for 221 gold pieces
 11739 | D:10     | Bought a wand of iceblast (6/15) for 170 gold pieces
 12031 | D:10     | Found a staircase to the Lair.
 12217 | D:10     | Found a staircase to the Orcish Mines.
 12408 | Lair:1   | Entered Level 1 of the Lair of Beasts
 13400 | Lair:1   | Reached skill level 15 in Armour
 13648 | Lair:2   | Reached skill level 1 in Invocations
 13710 | Lair:2   | Found a shimmering altar of Xom.
 14081 | Lair:2   | Noticed tstbtto's ghost (journeyman GrFi)
 14448 | Lair:2   | Killed tstbtto's ghost
 14448 | Lair:2   | Reached XP level 13. HP: 77/106 MP: 19/19
 14737 | Lair:2   | Found a staircase to the Shoals.
 14755 | Lair:2   | Found a hole to the Spider Nest.
 14761 | Lair:2   | Reached skill level 5 in Invocations
 15883 | Lair:2   | Reached skill level 16 in Armour
 17680 | Lair:3   | Reached skill level 1 in Long Blades
 17736 | Lair:3   | Found a deep blue altar of Sif Muna.
 17994 | Lair:3   | Noticed a four-headed hydra
 18002 | Lair:3   | Killed a one-headed hydra
 18041 | Lair:3   | Reached ***** piety under Makhleb
 18562 | Lair:4   | Noticed a catoblepas
 18585 | Lair:4   | Slain by a catoblepas

Vault maps used:
D:1:      co_arrival_random_square_maze, minmay_pentomino_r4
D:2:      grunt_temple_overflow_growth_and_decay, marbit_many_paths,
          bloody_trog, uniq_terence
D:3:      cheibrodos_sewer_entry_bend, first_bread, minmay_goblin_outpost
D:4:      minmay_temple_entry_mist, uniq_natasha
D:5:      nicolae_zen_rock_garden, uniq_grinder
D:6:      kennysheep_little_box, uniq_blork_the_orc, uniq_eustachio
D:7:      nicolae_gozag_cash_rules_everything_around_me, uniq_pikel
D:8:      nicolae_overflow_hidden_temple, grunt_ogre_cave, uniq_erica,
          uniq_gastronok, uniq_psyche
D:9:      lemuel_round_altar, nicolae_tso_besieged_by_evil
D:10:     david_lair_generic, orc_0_dummy, serial_shops, shop
Temple:   pf_slime_end_temple
Lair:1:   nicolae_quartered_pool_little, beast_lair_carwin_4
Lair:2:   minmay_shoals_entry_lonely_mermaid, nicolae_spider_entry_tight_spaces,
          lemuel_centaur_altar, minmay_lair_oklob_chamber
Lair:3:   lemuel_oklob_altar, grunt_megastairs_3, lemuel_fruit_fields,
          lemuel_fruit_fields, serial_bayou_shore_b, serial_bayou_shore_a
Lair:4:   grunt_megastairs_2, serial_bayou_shore_b
Sewer:    sewer_co_cracked_pipes

Skill      XL: |  1  2  3  4  5  6  7  8  9 10 11 12 13 |
---------------+----------------------------------------+-----
Shields        | 4 5 6 8 |  8.2
Armour         | 4 5 6 7 8 10 12 13 15 16 | 16.5
Fighting       | 5 6 9 11 | 11.6
Evocations     | 5 8 |  8.3
Invocations    | 3 7 |  7.1
Long Blades    | 3 |  3.4
Axes           | |  2.0

Action                   |  1- 3 |  4- 6 |  7- 9 | 10-12 | 13-15 || total
-------------------------+-------+-------+-------+-------+-------++-------
Melee: War axe           |    89 |   286 |   565 |   125 |       ||  1065
       Broad axe         |       |       |    67 |       |       ||    67
       Unarmed           |       |       |    20 |       |       ||    20
       Scimitar          |       |       |       |   491 |   204 ||   695
       Demon blade       |       |       |       |       |   117 ||   117
 Abil: Dig               |     4 |    38 |     9 |    20 |    10 ||    81
Evoke: Wand              |       |       |       |     9 |       ||     9
  Use: Scroll            |       |     9 |     6 |     1 |     3 ||    19
       Potion            |       |       |       |     6 |     2 ||     8
 Stab: Invisible         |       |       |       |     4 |       ||     4
  Eat: Chunk             |     1 |    11 |    15 |    22 |     5 ||    54
       Bread ration      |       |     3 |       |     1 |     1 ||     5
       Royal jelly       |       |       |     4 |       |     3 ||     7
       Meat ration       |       |       |     2 |       |       ||     2
Armor: Scale mail        |    55 |   105 |       |       |       ||   160
       Plate armour      |       |     6 |   259 |   246 |   149 ||   660
       Skin              |       |       |     3 |    20 |     8 ||    31
Dodge: Dodged            |    35 |   100 |   282 |   312 |   143 ||   872
Block: Shield            |    65 |   186 |   408 |   439 |   181 ||  1279
       Rpst.: Scimitar   |       |       |       |    88 |    19 ||   107
       Demon blade       |       |       |       |       |    15 ||    15
